 Dungeon Crawl Stone Soup version 0.31-a0-963-ga325b2283a (webtiles) character file.

Game seed: 5793995502315769497

1094 Forgeling the Grappler (level 8, -3/54 HPs)
             Began as an Octopode Shapeshifter on Oct 25, 2023.
             Was an Initiate of Ru.
             Slain by a sky beast (5 damage)
             ... on level 6 of the Dungeon.
             The game lasted 00:13:47 (5359 turns).

Forgeling the Grappler (Octopode Shapeshifter)      Turns: 5359, Time: 00:13:48

Health: -3/54      AC:  1    Str: 12 (15) XL:     8   Next: 31%
Magic:  8/8        EV: 13    Int: 10 (13) God:    Ru [......]
Gold:   262        SH:  0    Dex: 10 (11) Spells: 7/7 levels left

rFire   + .          .
                       - Unarmed
rCold   . . .        (no shield)
rNeg    . . .        (helmet currently unavailable)
rPois   .            (no amulet)
rElec   .            l - ring of protection from fire
rCorr   .            (no ring)
SInv    .            (no ring)
Will    .....        (no ring)
Stlth   +++          (no ring)
HPRegen 0.29/turn    (no ring)
MPRegen 0.11/turn    (no ring)
                     (no ring)

%: no passive effects
@: beast-form
A: beast (slay +1), almost no armour, amphibious, 8 rings, camouflage 1,
gelatinous body 1, (nimble swimmer 1), tentacles
a: Begin Untransformation, Renounce Religion


You were on level 6 of the Dungeon.
You worshipped Ru.
Ru was noncommittal.
You were a hulking beast.
You visited 1 branch of the dungeon, and saw 6 of its levels.

You collected 262 gold pieces.

Inventory:

Hand Weapons
 f - the +1 rapier "Mijuv" {protect, +Blink Str-5 SInv}
   (You found it on level 6 of the Dungeon)

   Str-5:     It affects your strength (-5).
   SInv:      It lets you see invisible.
   +Blink:    It lets you blink.
Missiles
 d - a curare-tipped dart (quivered)
 n - 2 boomerangs
 t - 2 poisoned darts
 w - 6 javelins
Jewellery
 l - a ring of protection from fire (left tentacle)
Talismans
 b - a beast talisman (active)
 c - a flux talisman
Wands
 e - a wand of charming (11)
Scrolls
 a - 2 scrolls of amnesia {unknown}
 g - 3 scrolls of poison {unknown}
 h - a scroll of summoning {unknown}
 j - a scroll of acquirement {unknown}
 o - a scroll of teleportation {unknown}
 F - a scroll of fog
 V - 2 scrolls of vulnerability
Potions
 m - a potion of mutation {unknown}
 A - 3 potions of attraction
 B - 3 potions of brilliance
 H - a potion of haste
 R - 2 potions of resistance
 W - a potion of lignification


   Skills:
 - Level 4.0 Fighting
 - Level 2.0 Dodging
 + Level 4.3 Stealth
 + Level 8.6 Unarmed Combat
 - Level 3.0 Shapeshifting


You had 7 spell levels left.
You didn't know any spells.
Your spell library contained the following spells:

 Spells                   Type           Power      Damage    Failure   Level
 Magic Dart               Conj           0%         1d3       36%         1
 Call Imp                 Summ           0%         N/A       50%         2
 Searing Ray              Conj           0%         2d4       50%         2
 Static Discharge         Conj/Air       0%         3-3/arc   50%         2
 Mephitic Cloud           Conj/Pois/Air  0%         N/A       75%         3
 Airstrike                Air            0%         2d(0-16)  98%         4
 Fulminant Prism          Conj/Hex       0%         3d5       98%         4
 Summon Ice Beast         Ice/Summ       0%         N/A       98%         4
 Summon Lightning Spire   Summ/Air       0%         N/A       98%         4
 Vhi's Electric Charge    Tloc/Air       0%         N/A       98%         4
 Arcjolt                  Conj/Air       0%         1d10      100%        5
 Freezing Cloud           Conj/Ice/Air   0%         6-21      100%        5
 Maxwell's Capacitive Co  Air            0%         ∞         100%        8
 Summon Horrible Things   Summ           0%         N/A       100%        8


Dungeon Overview and Level Annotations

Branches:
Dungeon (6/15)
 Temple: D:4-7

Altars:
Ru
The Shining One

Annotations:
D:4 Dowan, Grinder
D:5 Blork the orc, Menkaure
D:6 exclusion: ice beast


Innate Abilities, Weirdness & Mutations

You are a hulking beast.
Your limbs bulge with bestial killing power. (Slay +1)
You cannot wear most types of armour.
You are amphibious.
You can wear up to eight rings at the same time.
Your skin changes colour to match your surroundings (Stealth+).
Your rubbery body absorbs attacks. (AC +1, EV +1)
((You are camouflaged when in or above water. (Stealth+)))
You have tentacles for arms and can constrict up to eight enemies at once.


Message History

The sky beast is heavily wounded.
The sky beast hits you. The sky beast shocks you.
* * * LOW HITPOINT WARNING * * *
You closely miss the sky beast.
The sky beast is heavily wounded.
The sky beast hits you.
* * * LOW HITPOINT WARNING * * *
The sky beast shocks you.
* * * LOW HITPOINT WARNING * * *
Okay, then.
Unknown command.
Unknown command.
Throw: 4 darts (curare)
Press: ? - help, Shift-Dir - straight line, f - sky beast
Aim: a sky beast (heavily wounded, 43% to hit)
You throw a curare-tipped dart.
The curare-tipped dart closely misses the sky beast.
Throw: 3 darts (curare)
Press: ? - help, Shift-Dir - straight line, f/p - sky beast
Aim: a sky beast (heavily wounded, 46% to hit)
You throw a curare-tipped dart.
The curare-tipped dart misses the sky beast.
The sky beast hits you.
* * * LOW HITPOINT WARNING * * *
The sky beast shocks you.
* * * LOW HITPOINT WARNING * * *
Throw: 2 darts (curare)
Press: ? - help, Shift-Dir - straight line, f/p - sky beast
Aim: a sky beast (moderately wounded, 46% to hit)
You throw a curare-tipped dart.
The curare-tipped dart closely misses the sky beast.
Okay, then.
Unknown command.
It was a potion of degeneration.
There was something very wrong with that liquid.
You feel weakened.
You feel dopey.
You feel clumsy. The sky beast hits you.
* * * LOW HITPOINT WARNING * * *
The sky beast shocks you.
You die...

...)...........#
...............######+##
...(########'#..........
....#........'..........
....#........#..........
.)..#....##'##..........
....#....##..#....(.....
....#....#...#..........
#'###....#...###h###....
....'....#......Y..# ...
...##....##..##....# ..
...########..##....#
...# #........# ...#
##.(..# ...# #+#### ...#
#####


You could see a sky beast.

Vanquished Creatures
  Prince Ribbit (D:5)
  2 ogres
  3 phantoms
  A scorpion (D:6)
  A hound (D:5)
  A jelly (D:5)
  An orc priest (D:4)
  Ijyb (D:3)
  2 iguanas
  Robin (D:3)
  7 adders
  7 gnolls
  A worm (D:2)
  A dart slug (D:4)
  23 orcs
  18 ball pythons
  4 endoplasms
  2 giant cockroaches
  19 goblins
  10 hobgoblins
  2 jackals (D:1)
  6 quokkas
  2 bats (D:1)
  5 frilled lizards
  6 kobolds
  4 rats
131 creatures vanquished.

Notes
Turn   | Place    | Note
-------+----------+-------------------------------------------
     0 | D:1      | Forgeling the Octopode Shapeshifter began the quest for the
                  | Orb.
     0 | D:1      | Reached XP level 1. HP: 13/13 MP: 1/1
   166 | D:1      | Reached XP level 2. HP: 18/18 MP: 2/2
   376 | D:1      | Reached skill level 4 in Unarmed Combat
   384 | D:1      | Reached XP level 3. HP: 4/23 MP: 3/3
  1194 | D:2      | Identified the "Amefaze"
  1261 | D:2      | You fall into a shaft and drop 2 floors!
  1304 | D:3      | Found a faded altar of an unknown god.
  1322 | D:3      | Noticed Ijyb
  1365 | D:3      | Noticed a phantom
  1367 | D:3      | Noticed Robin
  1571 | D:2      | Reached XP level 4. HP: 14/28 MP: 4/4
  1700 | D:2      | Reached skill level 5 in Unarmed Combat
  2450 | D:3      | Killed Robin
  2451 | D:3      | Reached XP level 5. HP: 21/33 MP: 5/5
  2524 | D:3      | Killed a phantom
  2525 | D:3      | Reached skill level 6 in Unarmed Combat
  2590 | D:3      | Killed Ijyb
  2591 | D:3      | Reached XP level 6. HP: 16/39 MP: 6/6
  3340 | D:4      | Reached skill level 7 in Unarmed Combat
  3372 | D:4      | Reached XP level 7. HP: 45/46 MP: 7/7
  3496 | D:4      | Noticed Grinder
  3682 | D:5      | Entered Level 5 of the Dungeon
  3809 | D:5      | Found a glowing golden altar of the Shining One.
  3818 | D:5      | Found a sacrificial altar of Ru.
  3821 | D:5      | Became a worshipper of Ru the Awakened
  3927 | D:4      | Noticed Dowan
  4009 | D:5      | Reached skill level 8 in Unarmed Combat
  4127 | D:5      | Reached skill level 1 in Stealth
  4218 | D:5      | Noticed Prince Ribbit
  4232 | D:5      | Killed Prince Ribbit
  4233 | D:5      | Reached XP level 8. HP: 33/54 MP: 8/8
  4241 | D:5      | Noticed Blork the orc
  4334 | D:5      | Noticed Menkaure
  5216 | D:6      | Identified the +1 rapier "Mijuv" {protect, +Blink Str-5
                  | SInv}
  5359 | D:6      | HP: 2/54 [sky beast (5)]
  5359 | D:6      | Slain by a sky beast

Illustrated notes

Levels and vault maps discovered:
D:1:      ncdulo_smallfort, layout_basic, minmay_indecisive_spiral
D:2:      wander_river, layout_basic, serial_forest,
          infiniplex_forest_clump_small, infiniplex_forest_clump_large,
          infiniplex_forest_clump_large, infiniplex_forest_clump_long,
          infiniplex_forest_clump_large, infiniplex_forest_lined_ring,
          infiniplex_forest_straight_4, infiniplex_forest_end_2,
          grunt_ministairs_8
D:3:      layout_rooms, shapermc_ecumenical_altar_mp_highgroup, uniq_ijyb,
          uniq_robin
D:4:      layout_loops_ring, minmay_goblin_outpost, uniq_duvessa, uniq_grinder
D:5:      layout_basic, mainiacjoe_overflow_swirl, dreamdust_gnoll_farm,
          uniq_menkaure, uniq_prince_ribbit1, uniq_blork_the_orc
D:6:      layout_gridville, temple_statues

Skill      XL: |  1  2  3  4  5  6  7  8 |
---------------+-------------------------+-----
Unarmed Combat | 4 5 6 7 8 |  8.6
Fighting       | 3 4 |  4.0
Stealth        | 3 4 |  4.3
Dodging        | |  2.0
Shapeshifting  | |  3.0

Action                     |  1- 3 |  4- 6 |  7- 9 || total
---------------------------+-------+-------+-------++-------
  Melee: Unarmed           |    70 |   100 |    84 ||   254
         Tentacles         |    10 |    25 |    10 ||    45
         Constrict         |    18 |    24 |    16 ||    58
         Punch             |     1 |     1 |     3 ||     5
  Throw: Dart              |     5 |     1 |     8 ||    14
         Boomerang         |       |     9 |     9 ||    18
  Evoke: Wand              |       |     2 |     5 ||     7
    Use: Potion            |     1 |       |     1 ||     2
         Scroll            |     3 |     1 |     2 ||     6
   Stab: Sleeping          |     2 |     4 |    11 ||    17
 Armour: Skin              |    25 |    38 |    43 ||   106
  Dodge: Dodged            |    34 |    46 |    28 ||   108
   Form: Beast             |     1 |       |       ||     1

Table legend: (Time is in decaauts)
 A = Elapsed time spent in this place.
 B = Non-inter-level travel time spent in this place.
 C = Inter-level travel time spent in this place.
 D = Time resting spent in this place.
 E = Time spent auto-exploring this place.
 F = Levels seen in this place.
 G = Mean time per level.
                   A        B        C        D        E       F      G
               +--------+--------+--------+--------+--------+-----+--------+
         Total |   5336 |   5124 |    212 |    621 |   3232 |   6 |  889.3 |
       Dungeon |   5336 |   5124 |    212 |    621 |   3232 |   6 |  889.3 |
               +--------+--------+--------+--------+--------+-----+--------+

Top non-repeatable levels by time:
     D:5: 1355 daAuts
     D:1: 1190 daAuts
     D:2: 972 daAuts
     D:3: 781 daAuts
     D:4: 779 daAuts
     D:6: 257 daAuts
